 Dungeon Crawl Stone Soup version 0.29.1-1-gd02db6906a (webtiles) character file.

Game seed: 7589387246097245676

25 Jakudza the Gusty (level 3, -2/19 HPs)
             Began as a Tengu Air Elementalist on Sept 24, 2022.
             Frozen to death by an endoplasm (3 damage)
             ... on level 2 of the Dungeon.
             The game lasted 00:01:58 (1508 turns).

Jakudza the Gusty (Tengu Air Elementalist)          Turns: 1508, Time: 00:01:58

Health: -2/19      AC:  9    Str:  8    XL:     3   Next: 4%
Magic:  1/7        EV: 12    Int: 17    God:
Gold:   54         SH:  0    Dex: 14    Spells: 5/6 levels left

rFire   . . .      SeeInvis .   d - +0 dagger (protect)
rCold   . . .      Faith    .   (no shield)
rNeg    . . .      Spirit   .   a - +0 robe
rPois   .          Reflect  .   (helmet restricted)
rElec   .          Harm     .   (no cloak)
rCorr   .          Rampage  .   (no gloves)
Will    .....                   (boots unavailable)
Stlth   ++........              (no amulet)
HPRegen 0.06/turn               (no ring)
MPRegen 0.10/turn               (no ring)

@: under a protective aura, very slightly contaminated
A: beak, talons 3
a: no special abilities


You were on level 2 of the Dungeon.
You visited 1 branch of the dungeon, and saw 2 of its levels.

You collected 54 gold pieces.

Inventory:

Hand Weapons
 d - a +0 dagger of protection (weapon)
Armour
 a - a +0 robe (worn)
Potions
 b - a potion of magic
 c - a potion of cancellation {unknown}


   Skills:
 + Level 2.5 Dodging
 + Level 2.3 Stealth
 + Level 2.2 Spellcasting
 + Level 2.1 Conjurations
 + Level 4.3 Air Magic


You had 5 spell levels left.
You knew the following spells:

 Your Spells              Type           Power      Damage    Failure   Level
a - Shock                 Conj/Air       48%        1d6       4%          1

Your spell library contained the following spells:

 Spells                   Type           Power      Damage    Failure   Level
 Static Discharge         Conj/Air       12%        3-5/arc   8%          2
 Swiftness                Air            16%        N/A       10%         3
 Airstrike                Air            8%         2d(2-18)  32%         4
 Frozen Ramparts          Ice            2%         1d1       50%         3
 Ice Form                 Ice/Tmut       1%         N/A       88%         4
 Summon Ice Beast         Ice/Summ       1%         N/A       88%         4


Dungeon Overview and Level Annotations

Branches:
Dungeon (2/15)

Altars:

Annotations:
D:2 Sigmund


Innate Abilities, Weirdness & Mutations

You have a beak for a mouth.
You have claws for feet.


Message History

You kill the quokka!
The zap hits Sigmund.
Sigmund is lightly wounded.
Sigmund shouts!
The zap hits Sigmund.
Sigmund is moderately wounded.
An endoplasm comes into view.
The zap hits Sigmund.
Sigmund is moderately wounded.
Sigmund gestures at you while chanting. The magic dart hits you!
The zap hits Sigmund.
Sigmund is moderately wounded.
The zap hits Sigmund.
Sigmund is heavily wounded.
You miscast Shock.
You are very lightly contaminated with residual magic.
Nothing appears to happen.
Found 13 gold pieces.
Sigmund hits you with a +0 scythe!
Ouch! That really hurt!
* * * LOW HITPOINT WARNING * * *
You are too injured to fight recklessly!
You are too injured to fight recklessly!
You are too injured to fight recklessly!
You are too injured to fight recklessly!
You are too injured to fight recklessly!
You barely miss Sigmund.
Sigmund is heavily wounded.
A quokka comes into view.
The endoplasm barely misses you.
You hit Sigmund but do no damage.
Your weapon exudes an aura of protection.
Your kick misses Sigmund.
Sigmund is heavily wounded.
Sigmund closely misses you. The endoplasm completely misses you.
You hit Sigmund. You claw Sigmund, but do no damage. Your peck misses Sigmund.
Sigmund is heavily wounded.
The endoplasm freezes you.
You are frozen.
You die...

#$.............
.....(.........
...............
..............
............#
............#
......@.....#
......J@...##
........<...#
............#
...r........#
............#
............#
.........†..#
.>..........#
...........#


You could see Sigmund, an endoplasm and a quokka.

Vanquished Creatures
  3 endoplasms (D:1)
  A giant cockroach (D:1)
  4 goblins (D:1)
  4 hobgoblins (D:1)
  A quokka (D:2)
  2 ball pythons (D:1)
  3 bats (D:1)
  3 frilled lizards (D:1)
  2 rats (D:1)
23 creatures vanquished.

Notes
Turn   | Place    | Note
-------+----------+-------------------------------------------
     0 | D:1      | Jakudza the Tengu Air Elementalist began the quest for the
                  | Orb.
     0 | D:1      | Reached XP level 1. HP: 10/10 MP: 4/4
   370 | D:1      | Reached XP level 2. HP: 15/15 MP: 4/6
   515 | D:1      | Noticed a floating eye
   517 | D:1      | Noticed a shining eye
   539 | D:1      | Found a faded altar of an unknown god.
   541 | D:1      | Noticed a shining eye
   541 | D:1      | Noticed a great orb of eyes
  1260 | D:1      | Reached XP level 3. HP: 19/19 MP: 5/7
  1497 | D:2      | Noticed Sigmund
  1508 | D:2      | Frozen to death by an endoplasm

Illustrated notes

Levels and vault maps discovered:
D:1:      dpeg_arrival_stonehenge_8_columns, layout_basic, serial_glass,
          glass_columns_a, glass_columns_a, glass_columns_a, glass_columns_a,
          hellmonk_ecumenical_altar_watching_god, dk_noncrumbling_3
D:2:      layout_rooms, serial_curves, eino_curves_03, eino_curves_01,
          eino_curves_02, eino_curves_03, serial_shops, nicolae_shop_trees,
          uniq_sigmund

Skill      XL: |  1  2 |
---------------+-------+-----
Conjurations   | 2 |  2.1
Dodging        | |  2.5
Stealth        | |  2.3
Spellcasting   | |  2.2
Air Magic      | |  4.3

Action                   || total
-------------------------++-------
Melee: Unarmed           ||    10
       Kick              ||     4
       Peck              ||     1
       Dagger            ||     3
 Cast: Shock             ||    49
  Use: Scroll            ||     2
Armor: Robe              ||     5
Dodge: Dodged            ||     9
